 Dungeon Crawl Stone Soup version 0.18-a0-1195-g77a4f03 (webtiles) character file.

10218 TheOrbIsALie the Destroyer (level 11, -6/68 HPs)
             Began as a Demonspawn Wizard on Jan 29, 2016.
             Was a Believer of Makhleb.
             Killed by drain life
             ... invoked by a soul eater
             ... summoned by an orc sorcerer
              (9 damage)
             ... on level 1 of the Orcish Mines.
             The game lasted 01:03:03 (12995 turns).

TheOrbIsALie the Destroyer (Demonspawn Wizard)     Turns: 12995, Time: 01:03:03

Health: -6/68      AC:  8    Str:  7    XL:     11   Next: 33%
Magic:  6/20       EV: 16    Int: 23    God:    Makhleb [**....]
Gold:   602        SH:  0    Dex: 12    Spells: 5 memorised, 8 levels left

rFire  . . .     SeeInvis .     p - +5 demon whip (drain)
rCold  + + +     Gourm    .     y - +2 robe {rF+}
rNeg   . . .     Faith    .     (no shield)
rPois  .         Spirit   .     L - +1 hat {rC+}
rElec  .         Dismiss  .     J - +0 cloak {rC+}
rCorr  .         Reflect  .     S - +0 pair of gloves
SustAt .         Harm     .     t - +0 pair of boots
MR     .....                    e - amulet of rage
Stlth  ++........               u - ring of ice (curse)
                                h - +2 ring of slaying

@: repel missiles, not resistant to hostile enchantments, unstealthy
A: talons 2, repulsion field 3, demonic guardian 2, rot immunity
a: Minor Destruction, Renounce Religion, Evoke Berserk Rage


You were on level 1 of the Orcish Mines.
You worshipped Makhleb.
Makhleb was pleased with you.
You were not hungry.

You visited 3 branches of the dungeon, and saw 12 of its levels.
You also visited: Ice Cave.

You collected 602 gold pieces.

Inventory:

Hand Weapons
 i - a +0 mace
 j - a +3 dagger of venom
 p - a +5 demon whip of draining (weapon)
Armour
 a - a +0 robe
 b - a +0 hat
 t - a +0 pair of boots (worn)
 y - a +2 robe of fire resistance (worn)
 D - a +0 cloak
 J - a +0 cloak of cold resistance (worn)
 L - a +1 hat of cold resistance (worn)
 O - a +0 helmet
 S - a +0 pair of gloves (worn)
Jewellery
 e - an amulet of rage (around neck)
 h - a +2 ring of slaying (left hand)
 u - a cursed ring of ice (right hand)
 M - an uncursed ring of protection from cold {unknown}
 P - an uncursed ring of sustain attributes {unknown}
Wands
 B - a wand of lightning (6/15)
 E - a wand of draining (9/15)
 H - a wand of lightning (8/15)
 K - a wand of disintegration (8/24)
Scrolls
 n - 3 scrolls of recharging
 o - a scroll of acquirement {unknown}
 q - 2 scrolls of enchant weapon
 w - a scroll of brand weapon {unknown}
 x - 2 scrolls of fog
 A - 7 scrolls of identify
 G - a scroll of silence {unknown}
 Q - a scroll of holy word {unknown}
 T - a scroll of summoning {unknown}
Potions
 f - 4 potions of agility
 g - a potion of curing
 k - a potion of brilliance {unknown}
 v - a potion of mutation {unknown}
 C - a potion of lignification {unknown}
 I - 2 potions of beneficial mutation {unknown}
 N - 2 potions of poison {unknown}
Books
 c - a book of Minor Magic

   Spells                             Type                      Level
   a - Magic Dart                     Conjuration                  1
   b - Blink                          Translocation                2
   c - Call Imp                       Summoning                    2
   d - Repel Missiles                 Charms/Air                   2
   e - Slow                           Hexes                        2
   f - Conjure Flame                  Conjuration/Fire             3
   g - Mephitic Cloud                 Conjuration/Poison/Air       3
 R - a book of Air

   Spells                             Type                      Level
   a - Shock                          Conjuration/Air              1
   b - Swiftness                      Charms/Air                   2
   c - Repel Missiles                 Charms/Air                   2
   d - Static Discharge               Conjuration/Air              3
   e - Lightning Bolt                 Conjuration/Air              5
Comestibles
 d - 8 bread rations
 l - a royal jelly
 m - 11 fruits
 s - 3 beef jerkies
 z - 7 slices of pizza


   Skills:
 - Level 1.7 Dodging
 - Level 1.7 Stealth
 - Level 6.0 Spellcasting
 - Level 12.4 Conjurations
   Level 1.0 Summonings
 - Level 0.8 Translocations
 + Level 10.4 Air Magic


You had 8 spell levels left.
You knew the following spells:

 Your Spells              Type           Power        Failure   Level  Hunger
a - Magic Dart            Conj           ####         1%          1    None
b - Mephitic Cloud        Conj/Pois/Air  #####...     1%          3    #......
c - Conjure Flame         Conj/Fire      ###.....     1%          3    #......
d - Lightning Bolt        Conj/Air       ######....   2%          5    #####..
e - Blink                 Tloc           N/A          12%         2    None


Dungeon Overview and Level Annotations

Branches:
Dungeon (10/15)            Temple (1/1) D:6             Orc (1/2) D:10
   Lair: D:8-11

Altars:
Ashenzari
Cheibriados
Dithmenos
Elyvilon
Fedhas
Gozag
Kikubaaqudgha
Makhleb
Nemelex Xobeh
Okawaru
Pakellas
Qazlal
Ru
Sif Muna
Trog
Vehumet
Xom
Yredelemnul
Zin
The Shining One
Beogh

Shops:
D:9 [   D:10 (   Orc:1 :

Annotations:
D:9 Gastronok


Innate Abilities, Weirdness & Mutations

You have razor-sharp toenails.
You are surrounded by a strong repulsion field (EV +4, rMsl).
A demonic guardian rushes to your aid.
You are immune to rotting.


Message History

The orc closely misses your soul eater.
The orc warlord roars a battlecry!
The orc goes into a battle-frenzy!
Your soul eater hits the orc warlord!
The orc warrior seems less drained.
The orc barely misses your soul eater.
The orc warlord roars a battlecry!
The orc warlord hits your soul eater with a bardiche!
Your soul eater hits the orc warlord!
The orc hits your soul eater but does no damage.
Drink which item? (? for menu, Esc to quit)
You feel better.
The orc priest hits your soul eater but does no damage.
The orc warlord roars a battlecry!
The orcs go into a battle-frenzy!
The orc warlord closely misses your soul eater.
A magic dart appears from out of thin air!
The magic dart hits you!
* * * LOW HITPOINT WARNING * * *
The soul eater draws from the surrounding life force!
You die...

##.......>)..........
#......#..)..........
##....o3.....#...#...
##o#oo.o....##$.. ..
#....3.o...#.##$#.
#..ooo.o......
##...#.......#
#.............
##.#.#@..##..
#########


You could see an orc warlord, a soul eater, 2 orc sorcerers, an orc warrior
(frenzied), 2 orc priests, 4 orcs and a friendly soul eater.

Vanquished Creatures
  2 ice statues (IceCv)
  10 ice devils (IceCv)
  2 two-headed ogres
  A yak (D:7)
  A human (D:7)
  A hippogriff (D:8)
  Menkaure (D:4)
  A warg (Orc:1)
  A water moccasin (D:6)
  Duvessa (D:7)
  A necrophage (D:6)
  6 orc warriors
  5 sky beasts
  An ice beast (D:7)
  A phantom (D:8)
  3 ogres
  4 centaurs
  A big kobold (D:9)
  7 giant frogs
  3 scorpions
  Dowan (D:7)
  A killer bee (D:9)
  4 wights (D:8)
  An electric eel (D:10)
  5 crimson imps
  3 hounds
  11 orc priests
  15 orc wizards
  5 iguanas
  6 worker ants
  2 sheep (D:7)
  A hound skeleton (D:4)
  A worker ant zombie (D:6)
  10 gnolls
  11 adders
  A shadow imp (D:9)
  7 white imps (IceCv)
  2 ufetubi (IceCv)
  An adder skeleton (D:6)
  An adder zombie (D:5)
  2 worms
  2 giant geckos
  56 orcs
  5 bats
  2 goblins
  7 hobgoblins
  10 jackals
  16 kobolds
  3 quokkas
  A giant gecko skeleton (D:4)
  7 giant newts
  2 quokka skeletons
  3 rats
258 creatures vanquished.

Vanquished Creatures (collateral kills)
  A centaur warrior (D:10)
  An orc knight (Orc:1)
  An orc sorcerer (Orc:1)
  Maurice (D:10)
  A centaur skeleton (D:10)
  An ice devil (IceCv)
  Sigmund (D:5)
  A yak (D:7)
  A hippogriff (D:8)
  A water moccasin (D:5)
  5 orc warriors
  A sky beast (D:5)
  An ogre (Orc:1)
  A killer bee (D:9)
  2 orc priests
  A centaur zombie (D:10)
  An orc wizard (D:7)
  3 gnolls
  2 adders
  13 orcs
  A hobgoblin (D:2)
  3 jackals
  A kobold (D:2)
45 creatures vanquished.

Vanquished Creatures (others)
  A white imp (IceCv)
  7 ufetubi (IceCv)
8 creatures vanquished.

Grand Total: 311 creatures vanquished

Notes
Turn   | Place    | Note
--------------------------------------------------------------
     0 | D:1      | TheOrbIsALie the Demonspawn Wizard began the quest for the Orb.
     0 | D:1      | Reached XP level 1. HP: 13/13 MP: 4/4
   396 | D:1      | Gained mutation: A weak demonic guardian rushes to your aid. [demonic ancestry]
   396 | D:1      | Reached XP level 2. HP: 8/19 MP: 6/6
  1820 | D:2      | Found a shimmering altar of Xom.
  1872 | D:2      | Reached XP level 3. HP: 5/24 MP: 0/7
  2031 | D:2      | Gained mutation: You are surrounded by a mild repulsion field (EV +2). [demonic ancestry]
  2031 | D:2      | Reached XP level 4. HP: 11/30 MP: 6/8
  2281 | D:2      | Reached skill level 4 in Conjurations
  2520 | D:3      | HP: 1/30 [adder (3)]
  2828 | D:3      | Gained mutation: You have sharp toenails. [demonic ancestry]
  2828 | D:3      | Reached XP level 5. HP: 35/35 MP: 4/9
  2857 | D:3      | Reached skill level 5 in Conjurations
  2858 | D:3      | Noticed an ogre
  2893 | D:3      | Killed an ogre
  3051 | D:3      | Reached skill level 6 in Conjurations
  3051 | D:3      | Gained mutation: You have razor-sharp toenails. [demonic ancestry]
  3051 | D:3      | Reached XP level 6. HP: 36/41 MP: 7/10
  3449 | D:4      | Noticed Menkaure
  3458 | D:4      | Killed Menkaure
  3458 | D:4      | Reached skill level 7 in Conjurations
  4243 | D:5      | Entered Level 5 of the Dungeon
  4257 | D:5      | Reached XP level 7. HP: 23/46 MP: 4/11
  4602 | D:5      | Reached skill level 8 in Conjurations
  4614 | D:5      | Noticed Sigmund
  4631 | D:5      | Killed Sigmund
  4781 | D:5      | Found a shadowy altar of Dithmenos.
  4800 | D:5      | Found an ancient bone altar of Kikubaaqudgha.
  4833 | D:5      | Reached skill level 9 in Conjurations
  5362 | D:5      | Gained mutation: You are immune to rotting. [demonic ancestry]
  5362 | D:5      | Reached XP level 8. HP: 37/52 MP: 8/12
  5509 | D:6      | Learned a level 3 spell: Mephitic Cloud
  5560 | D:6      | Found a white marble altar of Elyvilon.
  5649 | D:6      | Reached skill level 10 in Conjurations
  5700 | D:6      | Learned a level 3 spell: Conjure Flame
  5854 | D:6      | Found a staircase to the Ecumenical Temple.
  5863 | Temple   | Entered the Ecumenical Temple
  6207 | D:6      | Reached skill level 5 in Spellcasting
  6821 | D:7      | Noticed Dowan
  6827 | D:7      | Killed Dowan
  6831 | D:7      | Noticed Duvessa
  6851 | D:7      | Killed Duvessa
  6851 | D:7      | Reached skill level 1 in Air Magic
  6851 | D:7      | Gained mutation: You are surrounded by a moderate repulsion field (EV +3). [demonic ancestry]
  6851 | D:7      | Reached XP level 9. HP: 57/57 MP: 0/18
  7027 | D:7      | Found a basalt altar of Yredelemnul.
  7129 | D:7      | Found a basalt altar of Yredelemnul.
  7899 | D:8      | Reached skill level 11 in Conjurations
  8549 | D:8      | Gained mutation: A demonic guardian rushes to your aid. [demonic ancestry]
  8549 | D:8      | Reached XP level 10. HP: 54/63 MP: 2/19
  8616 | D:8      | Reached skill level 12 in Conjurations
  8813 | D:8      | Found an iron altar of Okawaru.
  8926 | D:9      | Found Tivuepp's Armour Boutique.
  8958 | D:9      | Found a burning altar of Makhleb.
  8970 | D:9      | Found a radiant altar of Vehumet.
  8970 | D:9      | Found a bloodstained altar of Trog.
  8973 | D:9      | Became a worshipper of Makhleb the Destroyer
  9355 | D:9      | Noticed Gastronok
  9405 | D:9      | Learned a level 5 spell: Lightning Bolt
  9623 | D:9      | Reached skill level 5 in Air Magic
  9651 | D:10     | Entered Level 10 of the Dungeon
  9675 | D:10     | Reached * piety under Makhleb
  9753 | D:10     | Found a staircase to the Orcish Mines.
  9758 | D:10     | Noticed Maurice
  9783 | D:10     | Found a roughly hewn altar of Beogh.
  9960 | D:10     | Killed Maurice
 10070 | D:10     | Found Nepietue's Antique Weapon Shop.
 10164 | D:10     | Noticed a centaur warrior
 10173 | D:10     | Killed a centaur warrior
 10216 | D:10     | Noticed a gargoyle
 10269 | Orc:1    | Entered Level 1 of the Orcish Mines
 10276 | Orc:1    | Noticed an orc knight
 10286 | Orc:1    | Killed an orc knight
 10286 | Orc:1    | Reached ** piety under Makhleb
 10319 | Orc:1    | Noticed an orc sorcerer
 10424 | Orc:1    | Found a frozen archway.
 10425 | Orc:1    | Found Joghu's Book Shoppe.
 10426 | Orc:1    | Noticed an orc warlord
 10495 | Orc:1    | Noticed an orc sorcerer
 10495 | IceCv    | Entered an ice cave
 10809 | IceCv    | Noticed an ice statue
 10809 | IceCv    | Noticed an ice statue
 10950 | IceCv    | Learned a level 2 spell: Blink
 11441 | IceCv    | Killed an ice statue
 11875 | IceCv    | Gained mutation: You are surrounded by a strong repulsion field (EV +4, rMsl). [demonic ancestry]
 11875 | IceCv    | Reached XP level 11. HP: 61/68 MP: 9/20
 12338 | IceCv    | Reached skill level 10 in Air Magic
 12930 | Orc:1    | Noticed an orc sorcerer
 12952 | Orc:1    | Killed an orc sorcerer
 12956 | Orc:1    | Paralysed by an orc sorcerer for 4 turns
 12978 | Orc:1    | Noticed an orc warlord
 12987 | Orc:1    | HP: 3/68 [orc sorcerer/bolt of fire[an orc warlord] (24)]
 12991 | Orc:1    | Noticed a soul eater
 12995 | Orc:1    | HP: 3/68 [something/magic dart[an orc warlord] (7)]
 12995 | Orc:1    | Killed from afar by a soul eater

Vault maps used:
D:1:      dpeg_arrival_rooms_b
D:2:      xom_teletrap_fun
D:3:      first_bread
D:4:      uniq_menkaure
D:5:      kiku_gazebo_garden_becter, grunt_dithmenos_smoke_and_mirrors,
          uniq_sigmund
D:6:      lemuel_crystal_altar, minmay_temple_entry_statues_pillars
D:7:      kennysheep_little_box, basic_altar, grunt_livestock,
          minmay_misc_feat_more_columns, uniq_duvessa
D:8:      kennysheep_mini
D:9:      grunt_temple_overflow_open, david_lair_shrubbed, serial_shops, shop,
          uniq_gastronok
D:10:     minmay_orc_entry_temple_small, serial_shops, nicolae_shop_waterfront,
          minivault_14, kennysheep_generic_room_15, uniq_harold, uniq_maurice
Temple:   minmay_freezing_vapour_temple_12
Orc:1:    serial_shops, shop, portal_ice_cave_entry_pillars_02,
          statue_in_the_mist_lemuel
IceCv:    ice_cave_small_demon

Action                   |  1- 3 |  4- 6 |  7- 9 | 10-12 || total
-------------------------+-------+-------+-------+-------++-------
Melee: Mace              |    21 |       |       |       ||    21
       Dagger            |    16 |    43 |   195 |   103 ||   357
       Demon whip        |       |       |       |    19 ||    19
 Cast: Magic Dart        |    60 |    91 |   276 |   133 ||   560
       Mephitic Cloud    |       |       |    20 |    18 ||    38
       Conjure Flame     |       |       |     1 |     3 ||     4
       Lightning Bolt    |       |       |       |    40 ||    40
       Blink             |       |       |       |     4 ||     4
Invok: Minor Destruction |       |       |       |     4 ||     4
  Use: Potion            |     1 |     1 |     7 |     7 ||    16
       Scroll            |       |     4 |     6 |     2 ||    12
 Stab: Sleeping          |       |     3 |       |       ||     3
       Confused          |       |       |     3 |     3 ||     6
  Eat: Pizza             |     1 |       |       |     1 ||     2
       Chunk             |     2 |     6 |    13 |     4 ||    25
       Beef jerky        |       |       |     1 |     1 ||     2
       Meat ration       |       |       |       |     4 ||     4
